 Dungeon Crawl Stone Soup version 0.31-a0-263-ge8cad7f256 (webtiles) character file.

Game seed: 13489192748840040625

100 qw the Shooter (level 4, -3/36 HPs)
             Began as a Minotaur Hexslinger on July 13, 2023.
             Slain by Sigmund
             ... wielding a +2 scythe of freezing
              (4 damage)
             ... on level 3 of the Dungeon.
             The game lasted 00:00:40 (1824 turns).

qw the Shooter (Minotaur Hexslinger)                Turns: 1824, Time: 00:00:41

Health: -3/36      AC:  3    Str: 13    XL:     4   Next: 47%
Magic:  0/4        EV: 12    Int: 10    God:
Gold:   95         SH:  0    Dex: 14    Spells: 4/5 levels left

rFire   . . .        Y - +1 sling
rCold   . . .        (no shield)
rNeg    . . .        b - +1 robe {Will+}
rPois   .            (helmet restricted)
rElec   .            (no cloak)
rCorr   .            (no gloves)
SInv    .            (no boots)
Will    +....        k - amulet of guardian spirit
Stlth   +            (no ring)
HPRegen 0.26/turn    (no ring)
MPRegen 0.09/turn

%: guardian spirit
@: no status effects
A: horns 2, retaliatory headbutt
a: no special abilities


You were on level 3 of the Dungeon.
You visited 1 branch of the dungeon, and saw 3 of its levels.

You collected 119 gold pieces.
You spent 24 gold pieces at shops.


Innate Abilities, Weirdness & Mutations

You have a pair of horns on your head.
You reflexively headbutt those who attack you in melee.


   Skills:
 - Level 2.0 Fighting
 + Level 4.9 Ranged Weapons
 - Level 1.0 Armour
 - Level 2.1 Dodging
 - Level 1.0 Spellcasting
 - Level 2.0 Hexes


You had 4 spell levels left.
You knew the following spells:

 Your Spells              Type           Power      Damage    Failure   Level
a - Slow                  Hex            16%        N/A       16%         1

Your spell library contained the following spells:

 Spells                   Type           Power      Damage    Failure   Level
 Inner Flame              Hex/Fire       2%         N/A       56%         3
 Portal Projectile        Hex/Tloc       4%         N/A       56%         3
 Cause Fear               Hex            2%         N/A       83%         4

Inventory:

Hand Weapons
 Y - a +1 sling (weapon)
Armour
 b - a +1 robe of willpower (worn)
 h - a +0 ring mail
Jewellery
 k - an amulet of guardian spirit (around neck)
Scrolls
 g - a scroll of identify
Potions
 d - 2 potions of curing
 i - a potion of heal wounds {unknown}
 l - a potion of invisibility {unknown}

Dungeon Overview and Level Annotations

Branches:
Dungeon (3/15)

Altars:
The Shining One

Shops:
D:1 ((??*   D:2 :

Annotations:
D:3 Sigmund


Message History

You shoot a sling bullet. The sling bullet barely misses Sigmund.
You shoot a sling bullet. The sling bullet hits Sigmund.
Sigmund is heavily wounded.
Sigmund hits you from afar with a +2 scythe of freezing.
Sigmund freezes you.
Enter note:
Enter note:
Enter note:
Enter note:
1821 ||| READING scroll labelled RESTRU ALITREASS.
As you read the scroll labelled RESTRU ALITREASS, it dissolves into smoke.
It was a scroll of fog.
Sigmund points at you and mumbles some strange words.
The puff of flame hits you!
Enter note:
Enter note:
Enter note:
Enter note: Sigmund barely misses you.
Enter note:
Enter note:
Enter note:
Enter note:
Enter note:
Enter note:
Enter note:
Enter note:
Enter note:
Enter note:
Enter note:
Enter note:
Enter note:
Enter note:
Enter note:
Enter note: You shoot a sling bullet.
The sling bullet hits Sigmund!
Sigmund is almost dead.
Sigmund hits you from afar with a +2 scythe of freezing!
Sigmund freezes you.
You die...

######## ..##.. #
#.##.# #### .# .##
###.##¤##...##..
...##.....¤#¤¤#.....
.#.......¤¤¤¤¤@.#
.........¤¤¤¤#..#.#.#
..###......¤¤@.?.....
.........######....#.#
...###.#.# #......
..........# ..##.# .
#.#.###..## .# # #
#.#.###...## .# #
#.#.##.....# # ##
##....##...## ##>
..........## #..


You could see Sigmund.

Vanquished Creatures
  A hound (D:2)
  2 adders (D:2)
  An orc (D:3)
  2 endoplasms (D:1)
  4 giant cockroaches
  2 goblins
  8 hobgoblins
  7 jackals (D:2)
  3 kobolds
  4 quokkas (D:1)
  A ball python (D:2)
  5 bats
  5 rats
45 creatures vanquished.

Notes
Turn   | Place    | Note
-------+----------+-------------------------------------------
     0 | D:1      | qw the Minotaur Hexslinger began the quest for the Orb.
     0 | D:1      | Reached XP level 1. HP: 16/16 MP: 1/1
     0 | D:1      | 0 ||| qw: Version: 0.3-a-52-g30416fa
     0 | D:1      | 0 ||| qw: Game counter: 7283
     0 | D:1      | 0 ||| qw: Melee chars always use a shield: true
     0 | D:1      | 0 ||| qw: God list: Okawaru
     0 | D:1      | 0 ||| qw: Allow faded altars: false
     0 | D:1      | 0 ||| qw: Do Orc after clearing Dungeon:15 true
     0 | D:1      | 0 ||| qw: Do second Lair branch before Depths: true
     0 | D:1      | 0 ||| qw: Lair rune preference: random
     0 | D:1      | 0 ||| qw: Goals: Normal
     0 | D:1      | 0 ||| PLANNING D:1-11
   118 | D:1      | Found Numab's Antique Weapon Shop.
   120 | D:1      | Found Ottesmof's Antique Weapon Emporium.
   125 | D:1      | Found Nuaguolo's Magic Scroll Emporium.
   126 | D:1      | 126 ||| SHOPLISTING runed shortbow (102 gold, have 28).
   128 | D:1      | 128 ||| SHOPLISTING masterwork shortbow (256 gold, have
                  | 28).
   141 | D:1      | 141 ||| SHOPLISTING scroll of enchant armour (90 gold, have
                  | 28).
   141 | D:1      | 141 ||| BUYING scroll of identify (24 gold).
   141 | D:1      | Bought a scroll of identify for 24 gold pieces
   141 | D:1      | 141 ||| SHOPLISTING scroll of identify (24 gold, have 4).
   173 | D:1      | Found Qooh's Magic Scroll Shop.
   176 | D:1      | 176 ||| SHOPLISTING 2 scrolls of identify (56 gold, have
                  | 4).
   176 | D:1      | 176 ||| SHOPLISTING scroll of identify (28 gold, have 4).
   218 | D:1      | Found a faded altar of an unknown god.
   242 | D:1      | Found Heul's Assorted Antiques.
   251 | D:1      | 251 ||| SHOPLISTING bronze wand (96 gold, have 4).
   251 | D:1      | 251 ||| SHOPLISTING dented sapphire amulet (120 gold, have
                  | 4).
   251 | D:1      | 251 ||| SHOPLISTING fuming yellow potion (21 gold, have 4).
   251 | D:1      | 251 ||| SHOPLISTING pair of gloves (108 gold, have 4).
   251 | D:1      | 251 ||| SHOPLISTING twisted ivory wand (96 gold, have 4).
   300 | D:1      | Reached skill level 3 in Ranged Weapons
   316 | D:1      | Reached XP level 2. HP: 23/23 MP: 2/2
   745 | D:1      | 745 ||| UPGRADING to +0 ring mail.
   755 | D:1      | 755 ||| DROPPING +0 robe.
   756 | D:1      | 756 ||| UPGRADING to amulet of guardian spirit.
   761 | D:1      | 761 ||| READING scroll labelled MIAJOR VUASM.
   762 | D:1      | 762 ||| READING scroll labelled PEORPH WOEP.
   767 | D:1      | 767 ||| READING 2 scrolls labelled MAHELYEQAQ.
   768 | D:1      | 768 ||| DRINKING 3 silvery potions.
   769 | D:1      | 769 ||| DROPPING scroll of poison.
   770 | D:1      | 770 ||| DROPPING scroll of blinking.
   824 | D:2      | Reached XP level 3. HP: 14/29 MP: 1/3
   997 | D:2      | Reached skill level 4 in Ranged Weapons
  1094 | D:2      | Reached skill level 1 in Armour
  1141 | D:2      | Reached XP level 4. HP: 32/36 MP: 2/4
  1219 | D:2      | Found Dozioph's Book Boutique.
  1538 | D:2      | 1538 ||| UPGRADING to +1 robe of willpower.
  1548 | D:2      | 1548 ||| READING scroll labelled QESTRU YLET.
  1549 | D:2      | 1549 ||| READING scroll labelled MUOGOPS WIZUNU.
  1550 | D:2      | 1550 ||| READING 2 scrolls of identify.
  1550 | D:2      | 1550 ||| IDENTIFYING golden potion
  1551 | D:2      | 1551 ||| DROPPING potion of ambrosia.
  1690 | D:3      | Found a glowing golden altar of the Shining One.
  1812 | D:3      | Noticed Sigmund
  1821 | D:3      | 1821 ||| READING scroll labelled RESTRU ALITREASS.
  1821 | D:3      | HP: 8/36 [Sigmund/puff of flame (7)]
  1824 | D:3      | HP: 1/36 [Sigmund/+2 scythe of freezing (8)]
  1824 | D:3      | Slain by Sigmund

Levels and vault maps discovered:
D:1:      minmay_arrival_widening_spiral_wide, layout_loops_ring,
          basic_ecumenical_altar, serial_shops, shop, nicolae_lakefront_shop,
          shop, nicolae_shop_behind_doors, shop, minmay_tetromino_t4
D:2:      layout_basic, serial_rivers, chequers_serial_rivers_marsh,
          chequers_serial_rivers_small_b, chequers_serial_rivers_large_a,
          chequers_serial_rivers_micro_e, serial_shops, shop,
          corexii_hall_statues_l, minmay_misc_feat_cross
D:3:      layout_loops_ring, tso_metal_star, corexii_item_surrounded_by_moat,
          uniq_terence, uniq_sigmund

Skill      XL: |  1  2  3 |
---------------+----------+-----
Ranged Weapons | 3 4 |  4.9
Fighting       | 2 |  2.0
Armour         | 1 |  1.0
Dodging        | |  2.1
Spellcasting   | |  1.0
Hexes          | |  2.0

Action                     |  1- 3 |  4- 6 || total
---------------------------+-------+-------++-------
   Fire: Sling             |   116 |    32 ||   148
    Use: Scroll            |     3 |     4 ||     7
         Potion            |     1 |       ||     1
 Armour: Ring mail         |    31 |     3 ||    34
         Robe              |     1 |     3 ||     4
  Dodge: Dodged            |    59 |    14 ||    73

Table legend:
 A = Non-vault XP
 B = Vault XP
 C = Vault XP percentage of total XP
 D = Non-vault monster count
 E = Vault monster count
 F = Vault count percentage of total count
                 A         B        C        D         E       F
            +---------+---------+-------+---------+---------+-------
      Total |     137 |       7 |   4.9 |      41 |       4 |   8.9
            +---------+---------+-------+---------+---------+-------
        D:1 |      24 |       7 |  22.6 |      14 |       4 |  22.2
        D:2 |     108 |       0 |   0.0 |      25 |       0 |   0.0
        D:3 |       5 |       0 |   0.0 |       2 |       0 |   0.0
            +---------+---------+-------+---------+---------+-------
